NWL (28 & UNDER)
MOOSE JAW GHOSTBUSTERS @ BALZAC RAMS
06/17/2027
 
TOP OF THE 1ST
Moose Jaw Ghostbusters batting - Pitching for Balzac Rams : RHP John Wells
Pitching: RHP John Wells
Batting: SHB Carlos Córdova 0-0: Foul Ball, location: 2F
0-1: Foul Ball, location: 2F
0-2: Ball
1-2: Ball
2-2: Ball
3-2: Base on Balls
Batting: SHB Martín Cruz 0-0: Ball
1-0: Called Strike
1-1: Ball
2-1: Foul Ball, location: 2F
2-2: Ball
3-2: Foul Ball, location: 2F
3-2: Base on Balls
Carlos Córdova to second
Batting: RHB Paco Hernández 0-0: Called Strike
0-1: Swinging Strike
0-2: Ball
1-2: Ball
2-2: Fly out, F9 (Flyball, 9)
Batting: RHB Don Hooper 0-0: Ball
1-0: Called Strike
1-1: SINGLE (Groundball, 34D)
Carlos Córdova to third
Martín Cruz to second
Runner from 3rd tries for Home, SAFE, no throw
Batting: LHB Dave Stewart 0-0: Called Strike
0-1: Ball
1-1: Fielders Choice at 2nd, 6-4 (Groundball, 6M)
Martín Cruz to third
Batting: RHB Manuel Pérez 0-0: Fielders Choice at 2nd, 6-4 (Groundball, 56)
Top of the 1st over - 1 run(s), 1 hit(s), 0 error(s), 1 left on base; Moose Jaw 1 - Balzac 0
BOTTOM OF THE 1ST
Balzac Rams batting - Pitching for Moose Jaw Ghostbusters : LHP Martin White
Pitching: LHP Martin White
Batting: RHB Tomás Díaz 0-0: Ball
1-0: Foul Ball, location: 2F
1-1: Foul Ball, location: 2F
1-2: Strikes out swinging
Batting: RHB Brian Parks 0-0: Called Strike
0-1: Swinging Strike
0-2: Strikes out swinging
Batting: RHB James Tucker 0-0: Ball
1-0: Called Strike
1-1: Ball
2-1: SINGLE (Groundball, 6D)
Batting: RHB Jeff Stevenson 0-0: Ball
1-0: Foul Ball, location: 2F
1-1: Ball
James Tucker is caught stealing 2nd base
Bottom of the 1st over - 0 run(s), 1 hit(s), 0 error(s), 0 left on base; Moose Jaw 1 - Balzac 0
TOP OF THE 2ND
Moose Jaw Ghostbusters batting - Pitching for Balzac Rams : RHP John Wells
Batting: RHB Nicholas Harris 0-0: SINGLE (Groundball, 25) (infield hit)
Batting: RHB Juan Vázquez 0-0: Foul Ball, location: 2F
0-1: Foul Ball, location: 2F
0-2: Ball
1-2: Fly out, F7 (Flyball, 7LS)
Batting: RHB Don Turner 0-0: Ball
1-0: Foul Ball, location: 2F
1-1: Ball
2-1: Foul Ball, location: 2F
2-2: Ball
3-2: Strikes out swinging
Batting: SHB Carlos Córdova 0-0: Ball
1-0: Ball
Nicholas Harris steals 2nd base
2-0: Ball
3-0: Base on Balls
Batting: SHB Martín Cruz 0-0: Ball
1-0: Swinging Strike
1-1: Called Strike
1-2: Foul Ball, location: 2F
1-2: Ball
2-2: Foul Ball, location: 2F
2-2: SINGLE (Flyball, 8LS)
Nicholas Harris to third
Carlos Córdova to second
Runner from 3rd tries for Home, SAFE, no throw
Batting: RHB Paco Hernández 0-0: Called Strike
0-1: SINGLE (Flyball, 89S)
Carlos Córdova to third
Martín Cruz to second
Runner from 3rd tries for Home, SAFE, no throw
Batting: RHB Don Hooper 0-0: Ball
1-0: Ball
2-0: Foul Ball, location: 2F
2-1: Fielders Choice at 2nd, 5-4 (Groundball, 56)
Top of the 2nd over - 2 run(s), 3 hit(s), 0 error(s), 1 left on base; Moose Jaw 3 - Balzac 0
BOTTOM OF THE 2ND
Balzac Rams batting - Pitching for Moose Jaw Ghostbusters : LHP Martin White
Batting: RHB Jeff Stevenson 0-0: Ball
1-0: Ball
2-0: Called Strike
2-1: Swinging Strike
2-2: Fly out, F8 (Flyball, 8RM)
Batting: LHB Fernando Cruz 0-0: Called Strike
0-1: Called Strike
0-2: Strikes out swinging
Batting: RHB Félix Quintero 0-0: Ball
1-0: Ball
2-0: Foul Ball, location: 2F
2-1: Foul Ball, location: 2F
2-2: Foul Ball, location: 2F
2-2: Ground out 5-3 (Groundball, 5L)
Bottom of the 2nd over - 0 run(s), 0 hit(s), 0 error(s), 0 left on base; Moose Jaw 3 - Balzac 0
TOP OF THE 3RD
Moose Jaw Ghostbusters batting - Pitching for Balzac Rams : RHP John Wells
Batting: LHB Dave Stewart 0-0: Called Strike
0-1: Ball
1-1: Called Strike
1-2: Ball
2-2: Ball
3-2: Ground out 6-3 (Groundball, 6)
Batting: RHB Manuel Pérez 0-0: Ball
1-0: Ball
2-0: Called Strike
2-1: Ball
3-1: Called Strike
3-2: Foul Ball, location: 2F
3-2: Foul Ball, location: 2F
3-2: Foul Ball, location: 2F
3-2: Foul Ball, location: 2F
3-2: Strikes out swinging
Batting: RHB Nicholas Harris 0-0: Ball
1-0: Ball
2-0: Called Strike
2-1: Swinging Strike
2-2: Foul Ball, location: 2F
2-2: Foul Ball, location: 2F
2-2: Ball
3-2: Foul Ball, location: 2F
3-2: Ground out 5-3 (Groundball, 56)
Top of the 3rd over - 0 run(s), 0 hit(s), 0 error(s), 0 left on base; Moose Jaw 3 - Balzac 0
BOTTOM OF THE 3RD
Balzac Rams batting - Pitching for Moose Jaw Ghostbusters : LHP Martin White
Batting: RHB Luis Suárez 0-0: Called Strike
0-1: Foul Ball, location: 2F
0-2: Strikes out swinging
Batting: RHB Ricardo Muñóz 0-0: Ball
1-0: Ball
2-0: Ground out 6-3 (Groundball, 6)
Batting: RHB Jason Ward 0-0: Called Strike
0-1: Ball
1-1: Ball
2-1: Ground out 6-3 (Groundball, 56D)
Bottom of the 3rd over - 0 run(s), 0 hit(s), 0 error(s), 0 left on base; Moose Jaw 3 - Balzac 0
TOP OF THE 4TH
Moose Jaw Ghostbusters batting - Pitching for Balzac Rams : RHP John Wells
Batting: RHB Juan Vázquez 0-0: Ball
1-0: Ball
2-0: Ball
3-0: Called Strike
3-1: Base on Balls
Batting: RHB Don Turner 0-0: Ball
1-0: Grounds into double play, 5-4-3 (Groundball, 56)
Batting: SHB Carlos Córdova 0-0: Ball
1-0: Foul Ball, location: 2F
1-1: Swinging Strike
1-2: Ball
2-2: Ball
3-2: Fly out, F7 (Flyball, 7LSF)
Top of the 4th over - 0 run(s), 0 hit(s), 0 error(s), 0 left on base; Moose Jaw 3 - Balzac 0
BOTTOM OF THE 4TH
Balzac Rams batting - Pitching for Moose Jaw Ghostbusters : LHP Martin White
Batting: RHB Tomás Díaz 0-0: Ball
1-0: Called Strike
1-1: Ball
2-1: Foul Ball, location: 2F
2-2: Foul Ball, location: 2F
2-2: Ground out 5-3 (Groundball, 5)
Batting: RHB Brian Parks 0-0: Called Strike
0-1: Called Strike
0-2: Ground out 1-3 (Groundball, 13)
Batting: RHB James Tucker 0-0: Foul Ball, location: 2F
0-1: Ground out 2-3 (Groundball, 2L)
Bottom of the 4th over - 0 run(s), 0 hit(s), 0 error(s), 0 left on base; Moose Jaw 3 - Balzac 0
TOP OF THE 5TH
Moose Jaw Ghostbusters batting - Pitching for Balzac Rams : RHP John Wells
Batting: SHB Martín Cruz 0-0: Ball
1-0: Ball
2-0: Called Strike
2-1: Ball
3-1: Foul Ball, location: 2F
3-2: SINGLE (Popup, 3L)
Pitching: RHP Reid Mapstone
Batting: RHB Paco Hernández 0-0: Foul Ball, location: 2F
0-1: Ball
1-1: Ball
2-1: Swinging Strike
2-2: Fly out, F8 (Flyball, 8LS)
Batting: RHB Don Hooper 0-0: Ball
1-0: Ball
2-0: SINGLE (Line Drive, 56)
Martín Cruz to second
Batting: LHB Dave Stewart 0-0: Swinging Strike
0-1: Grounds into double play, 3-6-4 (Groundball, 34)
Top of the 5th over - 0 run(s), 2 hit(s), 0 error(s), 1 left on base; Moose Jaw 3 - Balzac 0
BOTTOM OF THE 5TH
Balzac Rams batting - Pitching for Moose Jaw Ghostbusters : LHP Martin White
Batting: RHB Jeff Stevenson 0-0: Called Strike
0-1: Ball
1-1: Ground out 4-3 (Groundball, 4)
Batting: LHB Fernando Cruz 0-0: Ball
1-0: Ball
2-0: Ball
3-0: Called Strike
3-1: SINGLE (Line Drive, 4)
Batting: RHB Félix Quintero 0-0: Foul Ball, location: 2F
0-1: Ball
1-1: Called Strike
1-2: Grounds into double play, 4-6-3 (Groundball, 4)
Bottom of the 5th over - 0 run(s), 1 hit(s), 0 error(s), 0 left on base; Moose Jaw 3 - Balzac 0
TOP OF THE 6TH
Moose Jaw Ghostbusters batting - Pitching for Balzac Rams : RHP Reid Mapstone
Batting: RHB Manuel Pérez 0-0: Ball
1-0: Ball
2-0: Ball
3-0: Base on Balls
Batting: RHB Nicholas Harris 0-0: Ball
1-0: Called Strike
1-1: Foul Ball, location: 2F
1-2: Ball
2-2: Ground out 4-3 (Groundball, 34)
Manuel Pérez to second
Batting: RHB Juan Vázquez 0-0: Intentional Walk
Batting: RHB Don Turner 0-0: Ball
1-0: Called Strike
1-1: Called Strike
Manuel Pérez is caught stealing 3rd base
Juan Vázquez to second
1-2: Foul Ball, location: 2F
1-2: Ball
2-2: Foul Ball, location: 2F
2-2: Foul Ball, location: 2F
2-2: Ball
3-2: Strikes out looking
Top of the 6th over - 0 run(s), 0 hit(s), 0 error(s), 1 left on base; Moose Jaw 3 - Balzac 0
BOTTOM OF THE 6TH
Balzac Rams batting - Pitching for Moose Jaw Ghostbusters : LHP Martin White
Batting: RHB Luis Suárez 0-0: Ground out 4-3 (Groundball, 4)
Batting: RHB Ricardo Muñóz 0-0: Swinging Strike
0-1: Swinging Strike
0-2: Fly out, F9 (Flyball, 9S)
Batting: RHB Jason Ward 0-0: Ball
1-0: Called Strike
1-1: Called Strike
1-2: Fly out, F9 (Flyball, 9S)
Bottom of the 6th over - 0 run(s), 0 hit(s), 0 error(s), 0 left on base; Moose Jaw 3 - Balzac 0
TOP OF THE 7TH
Moose Jaw Ghostbusters batting - Pitching for Balzac Rams : RHP Reid Mapstone
Batting: SHB Carlos Córdova 0-0: Called Strike
0-1: Ball
1-1: Swinging Strike
1-2: Ball
2-2: Strikes out swinging
Batting: SHB Martín Cruz 0-0: Called Strike
0-1: Ball
1-1: Foul Ball, location: 2F
1-2: Ball
2-2: TRIPLE (Flyball, 78D)
Batting: RHB Paco Hernández 0-0: Ball
1-0: Foul Ball, location: 2F
1-1: Ball
2-1: Ground out 6-3 (Groundball, 6)
Batting: RHB Don Hooper 0-0: Swinging Strike
0-1: Ball
1-1: Ball
2-1: Ball
3-1: Ground out 6-3 (Groundball, 6)
Top of the 7th over - 0 run(s), 1 hit(s), 0 error(s), 1 left on base; Moose Jaw 3 - Balzac 0
BOTTOM OF THE 7TH
Balzac Rams batting - Pitching for Moose Jaw Ghostbusters : LHP Martin White
Batting: RHB Tomás Díaz 0-0: Ball
1-0: Ball
2-0: Ground out 5-3 (Groundball, 56S)
Batting: RHB Brian Parks 0-0: Foul Ball, location: 2F
0-1: Foul Ball, location: 2F
0-2: Ground out 5-3 (Groundball, 5S)
Batting: RHB James Tucker 0-0: Ball
1-0: Foul Ball, location: 2F
1-1: Foul Ball, location: 2F
1-2: Strikes out looking
Bottom of the 7th over - 0 run(s), 0 hit(s), 0 error(s), 0 left on base; Moose Jaw 3 - Balzac 0
TOP OF THE 8TH
Moose Jaw Ghostbusters batting - Pitching for Balzac Rams : RHP Reid Mapstone
Batting: LHB Dave Stewart 0-0: Ball
1-0: Ball
2-0: Foul Ball, location: 2F
2-1: Ball
3-1: Base on Balls
Batting: RHB Manuel Pérez 0-0: Bunted foul
0-1: Sac Bunt - play at first, batter OUT! 1-4
Dave Stewart to second
Batting: RHB Nicholas Harris 0-0: Called Strike
0-1: Ball
1-1: Foul Ball, location: 2F
1-2: SINGLE (Line Drive, 56)
Dave Stewart to third
Runner from 3rd tries for Home, SAFE, throw made home
Nicholas Harris to second
Batting: RHB Juan Vázquez 0-0: Intentional Walk
Batting: RHB Don Turner 0-0: Called Strike
0-1: Ground out 4-3 (Groundball, 4S)
Nicholas Harris to third
Juan Vázquez to second
Batting: SHB Carlos Córdova 0-0: Ball
1-0: Foul Ball, location: 2F
1-1: Ball
2-1: Ball
3-1: Foul Ball, location: 2F
3-2: SINGLE (Groundball, 6MD)
Nicholas Harris scores
Juan Vázquez to third
Juan Vázquez scores
Pitching: LHP Júlio Castillo
Batting: SHB Martín Cruz 0-0: Ball
1-0: Ball
Throwing error on steal attempt, E2
Carlos Córdova to third
2-0: Ball
3-0: Base on Balls
Batting: RHB Paco Hernández 0-0: Foul Ball, location: 2F
0-1: Foul Ball, location: 2F
0-2: Fly out, F9 (Flyball, 9LM)
Top of the 8th over - 3 run(s), 2 hit(s), 1 error(s), 2 left on base; Moose Jaw 6 - Balzac 0
BOTTOM OF THE 8TH
Balzac Rams batting - Pitching for Moose Jaw Ghostbusters : LHP Martin White
Batting: RHB Jeff Stevenson 0-0: Fly out, F4 (Popup, 4D)
Batting: LHB Fernando Cruz 0-0: Fly out, F8 (Flyball, 8LM)
Batting: RHB Félix Quintero 0-0: Foul Ball, location: 2F
0-1: Ball
1-1: Ball
2-1: Swinging Strike
2-2: Ground out 3-1 (Groundball, 34)
Bottom of the 8th over - 0 run(s), 0 hit(s), 0 error(s), 0 left on base; Moose Jaw 6 - Balzac 0
TOP OF THE 9TH
Moose Jaw Ghostbusters batting - Pitching for Balzac Rams : LHP Júlio Castillo
Batting: RHB Don Hooper 0-0: Called Strike
0-1: Ground out 5-3 (Groundball, 5L)
Batting: LHB Dave Stewart 0-0: Called Strike
0-1: Foul Ball, location: 2F
0-2: Ball
1-2: Ball
2-2: Foul Ball, location: 2F
2-2: Ball
3-2: Strikes out swinging
Batting: RHB Manuel Pérez 0-0: Called Strike
0-1: Ball
1-1: Ball
2-1: Foul Ball, location: 2F
2-2: Ball
3-2: SINGLE (Line Drive, 9LS)
Batting: RHB Nicholas Harris 0-0: Called Strike
0-1: Ball
1-1: Swinging Strike
1-2: Strikes out looking
Top of the 9th over - 0 run(s), 1 hit(s), 0 error(s), 1 left on base; Moose Jaw 6 - Balzac 0
BOTTOM OF THE 9TH
Balzac Rams batting - Pitching for Moose Jaw Ghostbusters : LHP Martin White
Batting: RHB Luis Suárez 0-0: Foul Ball, location: 2F
0-1: Foul Ball, location: 2F
0-2: Ball
1-2: Ball
2-2: Strikes out swinging
Batting: RHB Ricardo Muñóz 0-0: Ball
1-0: Ball
2-0: Foul Ball, location: 2F
2-1: Foul Ball, location: 2F
2-2: Fly out, F9 (Flyball, 9LDF)
Batting: RHB Jason Ward 0-0: Ball
1-0: Foul Ball, location: 2F
1-1: Called Strike
1-2: Ball
2-2: Ground out 6-3 (Groundball, 6M)
Bottom of the 9th over - 0 run(s), 0 hit(s), 0 error(s), 0 left on base; Moose Jaw 6 - Balzac 0
Thursday, March 30th, 2017 - OOTP Baseball 17.12 Build 75